 Dungeon Crawl Stone Soup version 0.29.1-12-g30fa7ad0bf (webtiles) character file.

Game seed: 10721755289732323997

1043 fishmans the Cleaver (level 8, 64/64 HPs)
             Began as a Minotaur Berserker on Dec 23, 2022.
             Was a Believer of Trog.
             Quit the game on level 5 of the Dungeon on Dec 28, 2022.
             The game lasted 00:20:20 (6361 turns).

fishmans the Cleaver (Minotaur Berserker)           Turns: 6361, Time: 00:20:20

Health: 64/64      AC: 11    Str: 25    XL:     8   Next: 4%
Magic:  7/7        EV:  5    Int:  4    God:    Trog [**....]
Gold:   185        SH:  7    Dex:  9    Spells: 7/7 levels left

rFire   . . .      SeeInvis .   a - +0 hand axe
rCold   . . .      Faith    .   i - +1 kite shield
rNeg    . . .      Spirit   .   t - +0 plate armour
rPois   .          Reflect  .   (helmet restricted)
rElec   .          Harm     .   (no cloak)
rCorr   .          Rampage  .   (no gloves)
Will    .....                   (no boots)
Stlth   ..........              (no amulet)
HPRegen 0.20/turn               (no ring)
MPRegen 0.10/turn               (no ring)

@: no status effects
A: horns 2, retaliatory headbutt
a: Renounce Religion, Berserk, Trog's Hand


You were on level 5 of the Dungeon.
You worshipped Trog.
Trog was pleased with you.
You visited 1 branch of the dungeon, and saw 5 of its levels.

You collected 250 gold pieces.
You spent 65 gold pieces at shops.

Inventory:

Hand Weapons
 a - a +0 hand axe (weapon)
Missiles
 c - 10 poisoned darts (quivered)
 j - 32 stones
Armour
 i - a +1 kite shield (worn)
 t - a +0 plate armour (worn)
Jewellery
 b - an amulet of the acrobat
Scrolls
 e - a scroll of magic mapping
 h - 2 scrolls of fear
 k - 3 scrolls of teleportation
 l - a scroll of blinking {unknown}
 p - 2 scrolls of enchant weapon
 s - a scroll of immolation {unknown}
 v - a scroll of poison {unknown}
 w - a scroll of noise {unknown}
Potions
 d - 3 potions of mutation
 f - a potion of brilliance {unknown}
 g - 2 potions of curing {unknown}
 m - a potion of resistance {unknown}
 n - a potion of flight {unknown}
 o - a potion of ambrosia {unknown}
 q - a potion of degeneration {unknown}
 r - 2 potions of might {unknown}
 u - a potion of lignification {unknown}
 x - a potion of invisibility {unknown}


   Skills:
 - Level 3.6 Fighting
 * Level 11.4 Axes
 - Level 3.6 Armour
 - Level 2.1 Dodging


You had 7 spell levels left.
You didn't know any spells.
Your spell library was empty.

Dungeon Overview and Level Annotations

Branches:
Dungeon (5/15)
 Temple: D:4-7

Altars:
Gozag

Shops:
D:1 *


Innate Abilities, Weirdness & Mutations

You have a pair of horns on your head.
You reflexively headbutt those who attack you in melee.


Message History

The gnoll hits you from afar with a +0 halberd.
The hound bites you.
You hit the hound. Your headbutt misses the hound.
The hound is almost dead.
You hit the bush but do no damage. x2; The hound bites you.
The gnoll hits you from afar with a +0 halberd.
You hit the hound.
You kill the hound!
Trog accepts your kill.
You hit the bush. You hit the bush but do no damage.
The gnoll hits you from afar with a +0 halberd.
The gnoll barely misses you.
There is an open door, spattered with blood here.
You hit the gnoll. You headbutt the gnoll!
The gnoll is almost dead.
You hit the bush. You hit the bush but do no damage.
The gnoll hits you with a +0 halberd.
You closely miss the gnoll.
The gnoll is almost dead.
You hit the bush but do no damage. x2; The gnoll barely misses you.
You barely miss the gnoll. You headbutt the gnoll.
You kill the gnoll!
Trog accepts your kill.
You hit the bush but do no damage. x2
Things that are here:
a +0 halberd; a gnoll corpse You start resting.
HP restored.
You open the door.
There is an open door here.
g - 2 purple potions (gained 1)
There is an open door here.
You open the door.
There is an open door, spattered with blood here.
Done exploring.
There is a stone staircase leading down here.
Welcome back, fishmans the Minotaur Berserker.
Trog says: Kill them all!
Press ? for a list of commands and other information.
Are you sure you want to abandon this character and quit the game? (Confirm with "yes".)

#..#
#.##.##.##>.......#####
#..#
###.##.###...#.#.####
#..# #......# ###.#.#.#
#..###......# #.#.#.#
#...........# #.#.#.#
#.#..P.P...#### #.#.#.#
#.####'###....# #.....#
#..#.).'.#....###..#.##
####...####..@)....#.#
#...'^#########.#.#
####### #<#.# #.###
##.#.# #...### #..).#
## ###...## #..#######
#. #.....# #........#
#. #.....#
#.######.####. #.....#
#.# #.##...


There were no monsters in sight!

Vanquished Creatures
  Menkaure (D:5)
  An ice beast (D:5)
  An ogre (D:5)
  A centaur (D:5)
  A phantom (D:4)
  2 scorpions
  A jelly (D:5)
  5 hounds (D:5)
  2 orc priests
  An iguana (D:4)
  5 gnolls
  5 adders
  An ufetubus (D:5)
  4 worms
  3 dart slugs
  9 orcs
  8 endoplasms
  2 giant cockroaches
  5 goblins
  4 hobgoblins
  4 jackals
  6 quokkas
  7 ball pythons
  5 bats
  4 frilled lizards
  5 kobolds
  A rat (D:2)
94 creatures vanquished.

Notes
Turn   | Place    | Note
-------+----------+-------------------------------------------
     0 | D:1      | fishmans the Minotaur Berserker began the quest for the
                  | Orb.
     0 | D:1      | Reached XP level 1. HP: 19/19 MP: 0/0
   195 | D:1      | Reached skill level 4 in Axes
   360 | D:1      | Found a faded altar of an unknown god.
   367 | D:1      | Reached XP level 2. HP: 26/26 MP: 1/1
   512 | D:1      | Found Jefuont's General Store.
   521 | D:1      | Bought a +0 kite shield for 45 gold pieces
   521 | D:1      | Bought a scroll of identify for 20 gold pieces
  1085 | D:2      | Reached skill level 5 in Axes
  1504 | D:2      | Reached XP level 3. HP: 27/31 MP: 2/2
  1790 | D:2      | Reached skill level 6 in Axes
  1790 | D:2      | Reached XP level 4. HP: 27/39 MP: 3/3
  2332 | D:2      | Reached ** piety under Trog
  2993 | D:3      | You fall into a shaft and drop 2 floors!
  2993 | D:5      | Entered Level 5 of the Dungeon
  3021 | D:5      | Reached skill level 7 in Axes
  3021 | D:5      | Reached XP level 5. HP: 41/45 MP: 4/4
  3187 | D:5      | Noticed an ice beast
  3206 | D:5      | Killed an ice beast
  3385 | D:5      | Noticed a centaur
  3400 | D:5      | Killed a centaur
  3401 | D:5      | Reached skill level 8 in Axes
  3401 | D:5      | Reached XP level 6. HP: 17/51 MP: 5/5
  3631 | D:5      | Reached skill level 9 in Axes
  3638 | D:5      | Found an opulent altar of Gozag.
  4106 | D:4      | Reached XP level 7. HP: 53/57 MP: 6/6
  5468 | D:5      | Reached skill level 10 in Axes
  5650 | D:5      | Noticed Menkaure
  5662 | D:5      | Killed Menkaure
  5773 | D:5      | Reached skill level 11 in Axes
  6209 | D:5      | Reached XP level 8. HP: 56/64 MP: 7/7
  6361 | D:5      | Quit the game

Illustrated notes

Levels and vault maps discovered:
D:1:      dpeg_arrival_shelter, layout_basic, serial_shops,
          nicolae_shop_waterfront, shapermc_ecumenical_altar_pompeii
D:2:      layout_rooms
D:3:      layout_rooms
D:4:      layout_basic
D:5:      layout_loops_ring, nicolae_gozag_seed_capital, cheibrodos_gnoll_hut,
          uniq_menkaure

Skill      XL: |  1  2  3  4  5  6  7 |
---------------+----------------------+-----
Axes           | 4 5 6 7 8 9 11 | 11.4
Armour         | 3 |  3.6
Fighting       | |  3.6
Dodging        | |  2.1

Action                   |  1- 3 |  4- 6 |  7- 9 || total
-------------------------+-------+-------+-------++-------
Melee: Hand axe          |    77 |   135 |   111 ||   323
       Headbutt          |    12 |    19 |    17 ||    48
Throw: Stone             |     2 |       |       ||     2
       Dart              |       |     2 |       ||     2
Invok: Berserk           |     1 |       |       ||     1
       Trog's Hand       |       |     3 |     1 ||     4
  Use: Scroll            |     2 |     2 |     2 ||     6
 Stab: Sleeping          |     1 |       |       ||     1
Armor: Animal skin       |     6 |    10 |       ||    16
       Plate armour      |       |    26 |    61 ||    87
Dodge: Dodged            |    26 |    50 |    21 ||    97
Block: Kite shield       |    11 |    42 |    34 ||    87
